 Dungeon Crawl Stone Soup version 0.28.0-45-g0d030f2227 (webtiles) character file.

Game seed: 8427020771691007105

81 VictoriousLee the Cudgeller (level 4, 0/35 HPs)
             Began as a Demonspawn Abyssal Knight on Apr 15, 2022.
             Was a Believer of Lugonu.
             Slain by an orc priest
             ... wielding a +0 whip
              (3 damage)
             ... on level 3 of the Dungeon.
             The game lasted 00:05:18 (2021 turns).

VictoriousLee the Cudgeller (DsAK)                  Turns: 2021, Time: 00:05:18

Health: 0/35       AC:  5    Str: 16    XL:     4   Next: 20%
Magic:  5/5        EV: 10    Int: 11    God:    Lugonu [**....]
Gold:   94         SH:  0    Dex: 13    Spells: 3/3 levels left

rFire   . . .      SeeInvis .   a - +1 mace
rCold   . . .      Faith    .   (no shield)
rNeg    . . .      Spirit   .   j - +0 ring mail
rPois   .          Reflect  .   (no helmet)
rElec   .          Harm     .   (no cloak)
rCorr   .          Rampage  .   (no gloves)
Will    .....                   (no boots)
Stlth   +.........              (no amulet)
HPRegen 0.11/turn               (no ring)
MPRegen 0.09/turn               (no ring)

@: no status effects
A: hooves 1, foul stench 1
a: Renounce Religion, Depart the Abyss, Bend Space


You were on level 3 of the Dungeon.
You worshipped Lugonu.
Lugonu was pleased with you.
You visited 1 branch of the dungeon, and saw 3 of its levels.
You visited the Abyss 1 time.

You collected 94 gold pieces.

Inventory:

Hand Weapons
 a - a +1 mace (weapon)
Missiles
 c - 24 bolts
 f - 72 stones
 k - 6 poisoned darts
Armour
 b - a +0 leather armour
 j - a +0 ring mail (worn)
 m - a +0 chain mail
Scrolls
 h - a scroll of holy word {unknown}
 i - a scroll of identify {unknown}
 l - 4 scrolls of fear {unknown}
Potions
 d - 3 potions of curing {unknown}
 e - a potion of haste {unknown}
 g - 2 potions of resistance {unknown}
 n - 2 potions of magic {unknown}
 o - 2 potions of mutation {unknown}
 p - a potion of heal wounds {unknown}


   Skills:
 - Level 3.0 Fighting
 * Level 4.1 Maces & Flails
 - Level 1.7 Armour
 - Level 0.8 Dodging
 - Level 2.4 Invocations


You had 3 spell levels left.
You didn't know any spells.
Your spell library was empty.

Dungeon Overview and Level Annotations

Branches:
Dungeon (3/15)

Altars:

Shops:
D:1 :


Innate Abilities, Weirdness & Mutations

You have large cloven feet.
You may rarely emit foul miasma when damaged in melee.


Message History

The rat barely misses you.
You hit the rat.
You kill the rat!
Lugonu accepts your kill.
A quokka comes into view.
You miss the quokka. The quokka closely misses you.
You hit the quokka. Your kick misses the quokka.
The quokka is almost dead.
The quokka bites you. x2
You thump the quokka!
You kill the quokka!
Lugonu accepts your kill.
HP restored.
An orc priest comes into view. It is wielding a +0 whip.
The orc priest shouts!
You hear a shout!
The orc priest looks encouraged for a moment.
You hit the orc priest.
The orc priest is moderately wounded.
The orc priest hits you but does no damage.
You closely miss the orc priest. Your kick misses the orc priest.
The orc priest is moderately wounded.
The orc priest invokes the aid of Beogh against you.
Beogh smites you! The orc priest barely misses you.
You closely miss the orc priest.
You kick the orc priest, but do no damage.
The orc priest is moderately wounded.
The orc priest hits you with a +0 whip.
You hit the orc priest.
The orc priest is severely wounded.
The orc priest hits you with a +0 whip.
You hit the orc priest.
You kick the orc priest, but do no damage.
The orc priest is almost dead.
The orc priest calls down the wrath of Beogh upon you.
Beogh smites you!
* * * LOW HITPOINT WARNING * * *
You barely miss the orc priest.
The orc priest is almost dead.
The orc priest hits you with a +0 whip.
You die...

#.......######...
#######.######....
#######.#....+.....
............##.....
#######.....# ....
.#######.....#
.............#
.########....#
.###....#..@.#
...........#o#
####....####.#
###### .. ..# ...
.... ....


You could see an orc priest.

Vanquished Creatures
  Terence (D:2)
  An adder (D:2)
  A worm (D:2)
  A dart slug (D:1)
  2 endoplasms (D:1)
  3 giant cockroaches (D:2)
  3 hobgoblins
  4 jackals
  5 quokkas
  5 ball pythons
  5 bats
  2 frilled lizards (D:1)
  2 goblins
  3 kobolds
  2 rats
40 creatures vanquished.

Notes
Turn   | Place    | Note
-------+----------+-------------------------------------------
     0 | Abyss:1  | VictoriousLee the Demonspawn Abyssal Knight began the quest
                  | for the Orb.
     0 | Abyss:1  | Reached XP level 1. HP: 18/18 MP: 2/2
    26 | D:1      | Escaped the Abyss
    66 | D:1      | Reached skill level 2 in Maces & Flails
   291 | D:1      | Gained mutation: You may rarely emit foul miasma when
                  | damaged in melee. [demonic ancestry]
   291 | D:1      | Reached XP level 2. HP: 18/24 MP: 3/3
   495 | D:1      | Reached ** piety under Lugonu
   701 | D:1      | Reached skill level 3 in Maces & Flails
   747 | D:1      | Found Utitix's Book Emporium.
  1035 | D:2      | Gained mutation: You have large cloven feet. [demonic
                  | ancestry]
  1035 | D:2      | Reached XP level 3. HP: 29/29 MP: 4/4
  1130 | D:2      | Noticed Terence
  1151 | D:2      | Killed Terence
  1665 | D:2      | Reached XP level 4. HP: 35/35 MP: 5/5
  1731 | D:2      | Reached skill level 4 in Maces & Flails
  2021 | D:3      | Slain by an orc priest

Illustrated notes

Levels and vault maps discovered:
D:1:      dpeg_arrival_another_circle, layout_rooms, serial_shops,
          nicolae_shop_window_shopping
D:2:      layout_basic, skrybe_limestone_x, uniq_terence
D:3:      layout_basic, lemuel_tele_altar, old_standard_altar,
          nicolae_overflow_ecumenical_swirl, jmf_multi_god_temple,
          ebering_ghost_disaster_area, wander_ebering_terrifying_dragon_lair

Skill      XL: |  1  2  3  4 |
---------------+-------------+-----
Maces & Flails | 2 3 4 |  4.1
Fighting       | |  3.0
Armour         | |  1.7
Dodging        | |  0.8
Invocations    | |  2.4

Action                   |  1- 3 |  4- 6 || total
-------------------------+-------+-------++-------
Melee: Mace              |   103 |    18 ||   121
       Punch             |     3 |       ||     3
       Kick              |     5 |     3 ||     8
Armor: Leather armour    |    31 |       ||    31
       Ring mail         |    24 |     8 ||    32
Dodge: Dodged            |    68 |     6 ||    74
